Map: Lightshade LE

Players

Mullethunt

  • Race: Terran Terran
  • League: Gold
  • Spawn Location: 5:00

ViBE - Winner!

  • Race: Zerg Zerg
  • League: Gold
  • Spawn Location: 11:00

VOD

Have the link to the VOD?

Description

Time

  • Played on: March 23, 2021, 5:41 p.m.
  • Length: 11:29
Show
View Real Time Build Order
Export as new Build Order

Mullethunt Terran 

Build Orders:  

Get SALT Encoding   

  12  0:00  SCV  
  13  0:13  SCV  
  14  0:20  Supply Depot  
  14  0:31  SCV  
  15  0:43  SCV  
  16  0:50  Barracks  
  16  0:55  SCV, Barracks  
  17  1:01  Refinery  
  17  1:07  SCV  
  18  1:19  SCV  
  18  1:21  Refinery  
  19  1:32  SCV  
  20  1:36  Marine  
  20  1:38  Supply Depot  
  21  1:41  Marine  
  22  1:49  SCV  
  23  1:59  Reaper  
  23  2:00  Reaper  
  23  2:01  SCV  
  26  2:22  Orbital Command  
  26  2:26  Supply Depot  
  26  2:28  Supply Depot  
  26  2:31  Marine  
  26  2:32  Marine  
  28  2:49  Marine  
  28  2:50  Marine  
  30  3:26  Marine x2  
  30  3:37  Factory  
  30  3:39  Factory  
  30  3:40  Engineering Bay  
  30  3:44  Marine x2  
  30  3:47  Command Center  
  32  4:02  Barracks Tech Lab  
  32  4:09  Barracks Reactor  
  32  4:12  Terran Infantry Weapons Level 1  
  32  4:25  Factory Tech Lab, Factory Reactor  
  32  4:27  Armory  
  32  4:29  Combat Shield  
  32  4:36  Starport  
  32  4:44  Marine  
  33  4:46  Marine x2  
  35  5:02  Marine  
  35  5:04  Marine x2  
  38  5:07  Bunker  
  38  5:10  Siege Tank  
  38  5:12  Hellion x2  
  45  5:22  Medivac  
  47  5:31  Terran Vehicle Weapons Level 1  
  47  5:35  Infernal Pre-Igniter  
  47  5:44  SCV x2  
  49  5:52  Starport Reactor  
  49  5:56  SCV x2  
  51  6:08  SCV  
  51  6:09  Hellion  
  51  6:10  Hellion x2  
  58  6:14  Refinery x2  
  58  6:15  SCV  
  59  6:20  SCV  
  60  6:30  Supply Depot  
  60  6:31  Supply Depot  
  60  6:33  Supply Depot  
  60  6:38  Hi-Sec Auto Tracking  
  60  6:55  Missile Turret  
  60  6:58  Missile Turret  
  60  7:00  Missile Turret  
  60  7:09  Missile Turret  
  60  7:13  Sensor Tower  
  60  7:20  Missile Turret  
  60  7:21  Missile Turret  
  60  7:29  SCV x2  
  62  7:39  Sensor Tower  
  62  7:41  SCV x2  
  62  7:42  Cyclone  
  67  7:50  Medivac x2  
  71  7:53  SCV  
  72  7:59  Mag-Field Accelerator  
  72  8:02  Terran Vehicle Weapons Level 2  
  72  8:05  Marine x2  
  72  8:06  Marine  
  72  8:12  Orbital Command  
  75  8:42  Cyclone  
  75  8:44  Hellion x2  
  82  8:55  SCV x2  
  82  8:59  Terran Infantry Armor Level 1  
  84  9:07  SCV  
  84  9:08  SCV  
  86  9:18  Barracks  
  86  9:49  Command Center  
  86  9:53  Cyclone, Hellion x2  
  93  10:09  Barracks Reactor  
  93  10:15  Hellion  
  95  10:25  Cyclone  
  98  10:46  Factory  
  96  10:57  Cyclone  
Show
View Real Time Build Order
Export as new Build Order

ViBE Zerg - Winner!

Build Orders: Hatch First 

Get SALT Encoding   

  12  0:01  Drone  
  13  0:14  Overlord  
  13  0:16  Drone  
  14  0:32  Drone  
  14  0:33  Drone  
  16  0:49  Hatchery  
  15  0:52  Drone  
  15  0:55  Drone  
  17  1:03  Drone  
  18  1:13  Spawning Pool  
  18  1:14  Drone  
  18  1:20  Drone  
  19  1:30  Drone  
  20  1:34  Extractor  
  19  1:44  Overlord  
  19  2:02  Queen  
  19  2:04  Queen  
  19  2:05  Drone x3  
  26  2:12  Overlord  
  26  2:19  Drone  
  27  2:28  Drone x2  
  29  2:30  Spine Crawler  
  28  2:40  Drone x2  
  28  2:42  Queen, Lair  
  32  2:47  Drone x2  
  34  2:55  Overlord  
  34  2:59  Overlord  
  34  3:07  Drone x2  
  36  3:15  Drone x4  
  36  3:16  Drone x2  
  42  3:23  Roach Warren  
  42  3:26  Drone, Evolution Chamber  
  41  3:29  Drone  
  41  3:30  Drone  
  43  3:34  Drone  
  43  3:37  Extractor  
  43  3:38  Extractor  
  42  3:43  Overlord  
  42  3:53  Drone x6  
  42  3:54  Drone  
  49  4:02  Glial Reconstitution  
  49  4:03  Zerg Missile Weapons Level 1  
  49  4:08  Hatchery  
  48  4:14  Overlord  
  48  4:19  Roach x2  
  48  4:20  Roach  
  54  4:31  Roach x3  
  60  4:34  Overlord  
  60  4:35  Overlord  
  60  4:40  Roach x2  
  60  4:41  Roach  
  66  5:01  Drone x6  
  66  5:02  Queen  
  74  5:10  Drone x2  
  76  5:22  Drone x3  
  79  5:28  Drone  
  79  5:29  Drone x4  
  84  5:36  Drone x4  
  84  5:39  Hydralisk Den  
  84  5:40  Extractor  
  86  5:46  Drone x3  
  86  5:47  Overlord  
  89  5:51  Extractor  
  89  5:55  Drone  
  89  5:56  Drone  
  90  6:00  Overlord  
  90  6:01  Overlord x2  
  90  6:03  Extractor  
  89  6:05  Hatchery  
  89  6:10  Grooved Spines  
  88  6:20  Drone  
  88  6:21  Drone  
  88  6:22  Drone x2  
  88  6:24  Drone  
  88  6:25  Evolution Chamber  
  92  6:27  Hydralisk  
  92  6:28  Hydralisk x3  
  92  6:30  Overlord  
  100  6:36  Overlord  
  100  6:38  Overlord  
  100  6:55  Hydralisk x10  
  100  6:59  Zerg Missile Weapons Level 2  
  120  7:03  Zerg Ground Armor Level 1  
  120  7:11  Overlord x2  
  120  7:15  Drone x2  
  122  7:21  Muscular Augments  
  122  7:30  Drone x15  
  137  8:01  Drone  
  137  8:02  Drone x2  
  137  8:03  Hydralisk x9  
  158  8:06  Extractor  
  158  8:07  Overseer  
  158  8:08  Extractor  
  158  8:11  Overseer  
  156  8:16  Hatchery  
  155  8:44  Hydralisk x6  
  155  8:45  Overlord x7  
  167  8:52  Infestation Pit  
  166  9:13  Hydralisk x8  
  182  9:36  Hive  
  182  9:51  Hydralisk x9  
  200  10:57  Lurker Den  
Tags
 
League
GoldGold
Matchup
TvZ
Player
ViBE
Replay Pack
Gold_League
Spawn Locations
Cross Positions
Add a new tag
Caveats
  • Supply blocks, unpowered buildings, or Contaminate may cause inaccurate times.
  • Supply counts are checked every 10 seconds.